[Event "Titled Tuesday Blitz March 14 Early 2023"]
[White "Martin, Lewis"]
[Black "Buscar, Michael"]
[WhiteFideId "410551"]
[BlackFideId "2603616"]
[WhiteElo "2145"]
[BlackElo "2010"]
[Result "0-1"]
[Round "10"]
[TimeControl "180+2"]
[Date "2023.03.14"]
[WhiteClock "0:01:28"]
[BlackClock "0:01:29"]

1. e4 c5 2. Nf3 Nc6 3. d4 cxd4 4. Nxd4 Nf6 5. Nc3 e5 6. Ndb5 h6 7. a4 d6 8. Bc4 Be6 9. Bxe6 fxe6 10. O-O Be7 11. f4 O-O 12. f5 a6 13. Na3 d5 14. fxe6 d4 15. Nd5 Nxd5 16. exd5 Qxd5 17. Re1 Qxe6 18. Qh5 Qf6 19. Qe2 Rf7 20. Bd2 Raf8 21. Nc4 e4 22. h3 e3 23. Bxe3 dxe3 24. Qxe3 Qf2+ 25. Qxf2 Rxf2 26. c3 Bc5 27. Kh1 b5 28. axb5 axb5 0-1


[Site "https://www.chess.com"]

[Event "Titled Tuesday Blitz March 14 Early 2023"]
[White "Zhurova, Anna"]
[Black "Quirke, Jeffrey"]
[WhiteFideId "54113075"]
[BlackFideId "2013029"]
[WhiteElo "2031"]
[BlackElo "2221"]
[Result "1/2-1/2"]
[Round "10"]
[TimeControl "180+2"]
[Date "2023.03.14"]
[WhiteClock "0:00:59"]
[BlackClock "0:00:18"]

1. e4 Nf6 2. e5 Nd5 3. d4 d6 4. c4 Nb6 5. exd6 exd6 6. Nf3 Be7 7. Be2 Nc6 8. h3 O-O 9. O-O Bf6 10. Nc3 Bf5 11. Be3 d5 12. c5 Nc4 13. Bc1 b6 14. b3 N4a5 15. Ba3 Re8 16. Rc1 Be4 17. Bb5 Bxf3 18. gxf3 Nxd4 19. Bxe8 Qxe8 20. Nxd5 Qe6 21. Nxf6+ Qxf6 22. Kg2 Qg5+ 23. Kh2 Qf4+ 24. Kg2 Qg5+ 25. Kh2 Qf4+ 26. Kh1 Nxf3 27. Kg2 Nh4+ 28. Kh1 Nf3 29. Kg2 Nh4+ 30. Kh1 Nf3 1/2-1/2


[Site "https://www.chess.com"]

[Event "Titled Tuesday Blitz March 14 Early 2023"]
[White "Senft, Sean"]
[Black "Samaganova, Aleksandra"]
[WhiteFideId "2044960"]
[BlackFideId "13800221"]
[WhiteElo "1989"]
[BlackElo "1858"]
[Result "1-0"]
[Round "10"]
[TimeControl "180+2"]
[Date "2023.03.14"]
[WhiteClock "0:02:10"]
[BlackClock "0:00:05"]

1. e4 c5 2. Nc3 e6 3. f4 a6 4. Nf3 b5 5. d3 Bb7 6. g3 Qc7 7. Bg2 Nf6 8. O-O d5 9. f5 dxe4 10. dxe4 b4 11. Bf4 Qb6 12. fxe6 Qxe6 13. Ng5 Qd7 14. Nd5 Nc6 15. Nc7+ Ke7 16. Nxa8 Bxa8 17. e5 Qxd1 18. exf6+ gxf6 19. Raxd1 fxg5 20. Bd6+ Ke8 21. Rfe1+ 1-0


[Site "https://www.chess.com"]

[Event "Titled Tuesday Blitz March 14 Early 2023"]
[White "Sarkar, Justin"]
[Black "Kalajzic, Ivan"]
[WhiteFideId "2010011"]
[BlackFideId "14506378"]
[WhiteElo "2189"]
[BlackElo "2203"]
[Result "1-0"]
[Round "10"]
[TimeControl "180+2"]
[Date "2023.03.14"]
[WhiteClock "0:00:15"]
[BlackClock "0:00:25"]

1. d4 Nc6 2. c4 e5 3. d5 Nce7 4. e4 Nf6 5. Nc3 Ng6 6. h4 h5 7. g3 Bc5 8. Bd3 d6 9. Bg5 c6 10. Qd2 Bg4 11. f3 Bd7 12. Nge2 Qb6 13. Na4 Qb4 14. Nxc5 Qxc5 15. Be3 Qxe3 16. Qxe3 c5 17. Rb1 a5 18. Nc3 Ke7 19. Bc2 a4 20. Kf2 Rhf8 21. Kg2 Nh7 22. Qd2 f5 23. exf5 Bxf5 24. Bxf5 Rxf5 25. Qc2 Raf8 26. Rhf1 Nh8 27. Nxa4 g5 28. b4 gxh4 29. bxc5 Rg5 30. Qxh7+ Rf7 31. Rxb7+ Kf6 32. Qxh8+ 1-0


[Site "https://www.chess.com"]

[Event "Titled Tuesday Blitz March 14 Early 2023"]
[White "Zaichenko, Daria"]
[Black "Manon-og, Ramon Jr."]
[WhiteFideId "4197453"]
[BlackFideId "5200776"]
[WhiteElo "2039"]
[BlackElo "2336"]
[Result "1-0"]
[Round "10"]
[TimeControl "180+2"]
[Date "2023.03.14"]
[WhiteClock "0:00:15"]
[BlackClock "0:00:52"]

1. e4 c5 2. Nf3 d6 3. d4 cxd4 4. Nxd4 Nf6 5. Nc3 a6 6. Bc4 e6 7. O-O b5 8. Bd3 Be7 9. a4 b4 10. Na2 a5 11. c3 Qb6 12. cxb4 axb4 13. Qd2 O-O 14. Qxb4 Qxb4 15. Nxb4 d5 16. Nbc6 Nxc6 17. Nxc6 Bd6 18. e5 Bxe5 19. Nxe5 Bb7 20. b4 d4 21. Bb2 Nd5 22. Bxd4 Nxb4 23. Bc5 Nxd3 24. Nxd3 Rfc8 25. a5 Ba6 26. Bb6 Bxd3 27. Rfd1 Ba6 28. Rd7 Rc2 29. Rad1 h5 30. h4 Ra2 31. Rc7 Bb5 32. Rb7 Ba4 33. Rc1 Bb3 34. Rd7 e5 35. Rcc7 Be6 36. Re7 e4 37. Ra7 Rc8 38. a6 Rc1+ 39. Kh2 Rca1 40. Ra8+ Kh7 41. a7 Bd5 42. Rd8 Bc6 43. Rxf7 Ra6 44. Bd4 Rd1 45. Rxg7+ Kh6 46. Rh8# 1-0


[Site "https://www.chess.com"]

[Event "Titled Tuesday Blitz March 14 Early 2023"]
[White "MunichMouse"]
[Black "Necula, Iulian"]
[BlackFideId "1232380"]
[WhiteElo "2289"]
[BlackElo "1790"]
[Result "1-0"]
[Round "10"]
[TimeControl "180+2"]
[Date "2023.03.14"]
[WhiteClock "0:01:19"]
[BlackClock "0:00:27"]

1. d4 d6 2. c4 f5 3. g3 Nf6 4. Nc3 g6 5. Bg5 Nbd7 6. f4 h6 7. Bxf6 Nxf6 8. Bg2 c6 9. e4 Bg7 10. e5 Nh5 11. Bf3 O-O 12. Bxh5 gxh5 13. Nf3 dxe5 14. fxe5 Qe8 15. O-O Be6 16. d5 cxd5 17. cxd5 Rd8 18. Qb3 Bc8 19. Rae1 Kh7 20. Nh4 Qf7 21. e6 Qf6 22. Nxf5 Qg5 23. Nxg7 Kxg7 24. Qc4 Rxf1+ 25. Rxf1 Qe3+ 26. Kg2 b6 27. Rf7+ Kg6 28. Rxe7 Qd2+ 29. Kh3 Qg5 30. Qe4+ Kf6 31. Rf7# 1-0


[Site "https://www.chess.com"]

[Event "Titled Tuesday Blitz March 14 Early 2023"]
[White "Simonovic, Miroslav"]
[Black "Levitan, Caleb Levi"]
[WhiteFideId "919152"]
[BlackFideId "14332620"]
[WhiteElo "2042"]
[BlackElo "1963"]
[Result "0-1"]
[Round "10"]
[TimeControl "180+2"]
[Date "2023.03.14"]
[WhiteClock "0:00:58"]
[BlackClock "0:00:07"]

1. d4 Nf6 2. Bg5 d5 3. Bxf6 exf6 4. e3 Bd6 5. c4 c6 6. cxd5 cxd5 7. Nc3 Be6 8. g3 O-O 9. Bg2 Bb4 10. Ne2 Nd7 11. a3 Bxc3+ 12. Nxc3 Nb6 13. O-O Rc8 14. Rc1 Nc4 15. Qe2 Qd6 16. Rc2 Rfd8 17. Rfc1 a6 18. Na4 b6 19. h4 Bd7 20. b3 Nxa3 21. Rxc8 Rxc8 22. Rxc8+ Bxc8 23. Qb2 Nb5 24. Bf1 Bd7 25. Nc3 Nxc3 26. Qxc3 b5 27. b4 Qc6 28. Qb3 g6 29. Bg2 Be6 30. Bf1 Kg7 31. Kg2 Bf5 32. Be2 Be4+ 33. f3 Qc2 34. Qxc2 Bxc2 35. Kf2 f5 36. Ke1 Kf6 37. Kd2 Bb3 38. Kc3 Bc4 39. Bd1 Ke6 40. Bc2 Kd6 41. Bb1 Be2 42. e4 fxe4 43. fxe4 Bf3 44. e5+ Ke6 45. Kd2 Be4 46. Ba2 Kf5 47. Ke3 Kg4 48. Bb3 Kxg3 49. h5 gxh5 50. Bd1 h4 51. Bh5 h3 52. Bxf7 h2 53. Bxd5 Bxd5 54. e6 h1=Q 55. e7 Qe1+ 56. Kd3 Be4# 0-1


[Site "https://www.chess.com"]

[Event "Titled Tuesday Blitz March 14 Early 2023"]
[White "Kraus, Tomas"]
[Black "Sadubayev, Airat"]
[WhiteFideId "331708"]
[BlackFideId "13713264"]
[WhiteElo "2389"]
[BlackElo "2129"]
[Result "0-1"]
[Round "10"]
[TimeControl "180+2"]
[Date "2023.03.14"]
[WhiteClock "0:00:35"]
[BlackClock "0:01:35"]

1. e4 c6 2. d4 d5 3. f3 dxe4 4. fxe4 e5 5. Nf3 Bg4 6. Bc4 Nf6 7. Bxf7+ Ke7 8. O-O Bxf3 9. Rxf3 Kxf7 10. Bg5 Be7 11. Nc3 Qxd4+ 12. Qxd4 exd4 13. Ne2 Kg6 14. Bxf6 Bxf6 15. Nf4+ Kf7 16. e5 Bxe5 17. Nd5+ Ke6 0-1


[Site "https://www.chess.com"]

[Event "Titled Tuesday Blitz March 14 Early 2023"]
[White "Allam, Yara"]
[Black "Alahakoon, Isuru"]
[WhiteFideId "10615709"]
[BlackFideId "9900993"]
[WhiteElo "1758"]
[BlackElo "1995"]
[Result "0-1"]
[Round "10"]
[TimeControl "180+2"]
[Date "2023.03.14"]
[WhiteClock "0:00:52"]
[BlackClock "0:00:54"]

1. e4 d5 2. exd5 Qxd5 3. Nc3 Qa5 4. g3 Nf6 5. Bg2 Bg4 6. Nge2 Nc6 7. O-O O-O-O 8. a3 e5 9. b4 Bxb4 10. Rb1 Bxc3 11. f3 Bxd2 12. Bxd2 Rxd2 13. Qe1 Qc5+ 14. Rf2 Rhd8 15. fxg4 Nxg4 16. Bh3 f5 17. Bxg4 fxg4 18. Qf1 Nd4 19. Nxd4 Qxd4 20. Kg2 Rxf2+ 21. Qxf2 Qxf2+ 22. Kxf2 Rd2+ 23. Ke3 Rxc2 24. Rf1 Rxh2 25. Rf8+ Kd7 26. Rf7+ Kd6 27. Rxg7 Rh3 28. Rxg4 c5 29. Rg7 b5 30. Kd2 a5 31. Ra7 a4 32. Ra6+ Kd5 33. Rb6 Kc4 34. Re6 Rxg3 35. Rxe5 Rxa3 36. Rh5 Ra2+ 37. Kc1 b4 38. Rxh7 b3 39. Rh4+ Kb5 40. Kb1 Rg2 41. Rf4 a3 0-1


[Site "https://www.chess.com"]

[Event "Titled Tuesday Blitz March 14 Early 2023"]
[White "Kornyukov, Alexey"]
[Black "Kiseleva, Arina"]
[WhiteFideId "4150457"]
[BlackFideId "4164989"]
[WhiteElo "2352"]
[BlackElo "1756"]
[Result "0-1"]
[Round "10"]
[TimeControl "180+2"]
[Date "2023.03.14"]
[WhiteClock "0:00:29"]
[BlackClock "0:01:06"]

1. e4 c6 2. d4 d5 3. f3 e6 4. Nc3 Bb4 5. Bd3 Nf6 6. Ne2 dxe4 7. fxe4 c5 8. a3 Bxc3+ 9. bxc3 Nc6 10. Be3 Qa5 11. O-O c4 12. Bxc4 Nxe4 13. d5 Nxc3 14. dxc6 Nxd1 15. Raxd1 bxc6 16. Bd2 Qc5+ 17. Kh1 Qxc4 18. Bb4 Qxe2 19. Rfe1 Qh5 20. Rd3 c5 21. Bc3 O-O 22. Rg3 f6 0-1


[Site "https://www.chess.com"]

[Event "Titled Tuesday Blitz March 14 Early 2023"]
[White "Comas Fabrego, Lluis"]
[Black "Sanchez, Robert"]
[WhiteFideId "2200325"]
[BlackFideId "2034360"]
[WhiteElo "2523"]
[BlackElo "2206"]
[Result "1-0"]
[Round "10"]
[TimeControl "180+2"]
[Date "2023.03.14"]
[WhiteClock "0:00:21"]
[BlackClock "0:01:57"]

1. Nf3 Nf6 2. c4 g6 3. g3 Bg7 4. Bg2 d6 5. O-O O-O 6. Nc3 e5 7. Rb1 Nc6 8. b4 Bf5 9. d3 a5 10. a3 Qd7 11. Re1 Bh3 12. Bh1 h6 13. b5 Ne7 14. Nd2 Nf5 15. Bxb7 Rab8 16. Bg2 Bxg2 17. Kxg2 d5 18. cxd5 Nxd5 19. Nxd5 Qxd5+ 20. e4 Qa8 21. Nf3 Nd6 22. a4 Rfd8 23. Bb2 f5 24. Qc2 fxe4 25. dxe4 Rf8 26. Bxe5 Rxf3 27. Bxg7 Rf7 28. Bb2 Rbf8 29. Re2 Nxe4 30. Qxe4 Rxf2+ 31. Kg1 Rxe2 32. Qxg6# 1-0


[Site "https://www.chess.com"]

[Event "Titled Tuesday Blitz March 14 Early 2023"]
[White "Le, Tuan Minh"]
[Black "Nakamura, Hikaru"]
[WhiteFideId "12401153"]
[BlackFideId "2016192"]
[WhiteElo "2558"]
[BlackElo "2879"]
[Result "0-1"]
[Round "11"]
[TimeControl "180+2"]
[Date "2023.03.14"]
[WhiteClock "0:00:09"]
[BlackClock "0:01:31"]

1. d4 Nf6 2. Nf3 c5 3. c3 Qb6 4. Qb3 Nc6 5. e3 d5 6. dxc5 Qxc5 7. Nbd2 e5 8. Be2 Bd6 9. O-O O-O 10. Qa4 e4 11. Nd4 Nxd4 12. exd4 Qc7 13. h3 Re8 14. c4 Qe7 15. cxd5 e3 16. Nc4 exf2+ 17. Rxf2 Bg3 18. Rxf6 Qxe2 19. Ne5 Bxh3 20. gxh3 Qh2+ 0-1


[Site "https://www.chess.com"]

[Event "Titled Tuesday Blitz March 14 Early 2023"]
[White "Dubov, Daniil"]
[Black "Lazavik, Denis"]
[WhiteFideId "24126055"]
[BlackFideId "13515110"]
[WhiteElo "2802"]
[BlackElo "2560"]
[Result "1-0"]
[Round "11"]
[TimeControl "180+2"]
[Date "2023.03.14"]
[WhiteClock "0:00:02"]
[BlackClock "0:00:07"]

1. d4 Nf6 2. c4 e6 3. Nc3 Bb4 4. e3 O-O 5. Bd3 d5 6. a3 Bxc3+ 7. bxc3 dxc4 8. Bxc4 c5 9. Ne2 Qc7 10. Ba2 b6 11. O-O Rd8 12. Bb2 Ba6 13. Rc1 Nc6 14. c4 cxd4 15. exd4 Na5 16. d5 e5 17. Qa4 Nd7 18. Ng3 Nc5 19. Qc2 f6 20. f4 Rf8 21. Rce1 Nd7 22. Kh1 Bxc4 23. Nf5 Qc5 24. Bb1 g6 25. Rf3 Rae8 26. d6 e4 27. Ne7+ Kg7 28. Rg3 Bd3 29. Qd1 Bxb1 30. Qxb1 Nc4 31. Bd4 Qa5 32. Re2 Nxd6 33. Nc6 Qd5 34. Qc1 Nf5 35. Rd2 Nxg3+ 36. hxg3 Qh5+ 37. Kg1 Rc8 38. Be3 Qf5 39. Qd1 Rxc6 40. Rxd7+ Rf7 41. Rd8 Qe6 42. Qd4 h5 43. Qb4 Qe7 44. Qd2 Re6 45. f5 gxf5 46. Bh6+ Kh7 47. Be3 Rg7 48. Rd5 Re5 49. Rd4 Rxg3 50. Bf4 e3 51. Qe2 Rg4 52. Bxe5 Qxe5 53. Rd7+ Kh6 54. Rd8 Qa1+ 55. Rd1 Qe5 56. Rd8 Qe4 57. Rh8+ Kg6 58. Rg8+ Kh7 59. Rd8 f4 60. Rd7+ Rg7 61. Qxh5+ Kg8 62. Rd8+ 1-0


[Site "https://www.chess.com"]

[Event "Titled Tuesday Blitz March 14 Early 2023"]
[White "Daneshvar, Bardiya"]
[Black "Matlakov, Maxim"]
[WhiteFideId "12576468"]
[BlackFideId "4168003"]
[WhiteElo "2468"]
[BlackElo "2666"]
[Result "1/2-1/2"]
[Round "11"]
[TimeControl "180+2"]
[Date "2023.03.14"]
[WhiteClock "0:00:05"]
[BlackClock "0:00:04"]

1. d4 Nf6 2. c4 e6 3. Nf3 d5 4. Nc3 Nbd7 5. Bf4 dxc4 6. e3 b5 7. Nxb5 Bb4+ 8. Nc3 Nd5 9. a3 Nxc3 10. Qd2 Bxa3 11. Qxc3 Bd6 12. Bg3 a5 13. Rxa5 Rxa5 14. Qxa5 Nb6 15. Nd2 Bb7 16. Nxc4 Nxc4 17. Qb5+ c6 18. Qxc4 Qa5+ 19. Kd1 Bb4 20. Bd3 O-O 21. Ke2 c5 22. dxc5 Bxg2 23. Rg1 Bd5 24. Be5 g6 25. Qh4 f6 26. Bxf6 Qxc5 27. Bxg6 Bf3+ 28. Kxf3 hxg6 29. Rxg6+ Kf7 30. Rg7+ Ke8 31. Rg4 Qd5+ 32. Re4 Qf5+ 33. Qf4 Qxf4+ 34. Rxf4 Bd6 35. Bg5 Bxf4 36. exf4 Kf7 37. Kg4 Rb8 38. f5 Rxb2 39. fxe6+ Kxe6 40. Be3 Kf7 41. h4 Rb4+ 42. f4 Kg6 43. h5+ Kg7 44. Bd2 Rc4 45. Be1 Rc2 46. Bh4 Rg2+ 47. Kh3 Rg1 48. Bg5 Rh1+ 49. Kg4 Rg1+ 50. Kf5 Rh1 51. h6+ Kf7 52. Kg4 Rg1+ 53. Kf5 Rh1 54. Kg4 Rg1+ 55. Kh5 Rh1+ 56. Bh4 Rh2 57. f5 Rh1 58. f6 Rxh4+ 59. Kxh4 Kxf6 60. Kh5 Kf7 61. h7 Kg7 62. Kg5 Kxh7 1/2-1/2


[Site "https://www.chess.com"]

[Event "Titled Tuesday Blitz March 14 Early 2023"]
[White "So, Wesley"]
[Black "Bortnyk, Olexandr"]
[WhiteFideId "5202213"]
[BlackFideId "14120828"]
[WhiteElo "2739"]
[BlackElo "2734"]
[Result "1-0"]
[Round "11"]
[TimeControl "180+2"]
[Date "2023.03.14"]
[WhiteClock "0:00:17"]
[BlackClock "0:00:02"]

1. e4 Nf6 2. e5 Nd5 3. d4 d6 4. Nf3 dxe5 5. Nxe5 c6 6. Be2 Bf5 7. g4 Be6 8. f4 f6 9. Nd3 Na6 10. O-O g6 11. Bf3 h5 12. gxh5 gxh5 13. Bxh5+ Bf7 14. Bxf7+ Kxf7 15. Qe2 Qd7 16. Nd2 Nab4 17. Nxb4 Nxb4 18. Nf3 Qf5 19. Bd2 Nd5 20. c4 Nc7 21. Rae1 Rd8 22. Ne5+ Ke8 23. Ba5 fxe5 24. Bxc7 Rxd4 25. Bxe5 Rg8+ 26. Kh1 Rd3 27. Rg1 Rxg1+ 28. Rxg1 Bh6 29. Rg8+ Kf7 30. Rg3 Rxg3 31. hxg3 Bf8 32. Kg2 e6 33. b3 a6 34. g4 Qg6 35. g5 Bc5 36. Kg3 Qh7 37. Qd2 Ke8 38. b4 1-0


[Site "https://www.chess.com"]

[Event "Titled Tuesday Blitz March 14 Early 2023"]
[White "Caruana, Fabiano"]
[Black "Makhnev, Denis"]
[WhiteFideId "2020009"]
[BlackFideId "13707647"]
[WhiteElo "2818"]
[BlackElo "2525"]
[Result "0-1"]
[Round "11"]
[TimeControl "180+2"]
[Date "2023.03.14"]
[WhiteClock "0:00:01"]
[BlackClock "0:00:01"]

1. c4 e5 2. Nc3 Nf6 3. g3 Bb4 4. e4 O-O 5. Nge2 Nc6 6. Bg2 d6 7. O-O a5 8. d3 h6 9. h3 Bc5 10. Kh2 Nd4 11. Nxd4 Bxd4 12. f4 c6 13. f5 Bxc3 14. bxc3 d5 15. Qe2 dxe4 16. dxe4 Qe7 17. a4 Rd8 18. g4 Nh7 19. Be3 c5 20. Rab1 Ra6 21. Qf2 b6 22. h4 f6 23. Rfd1 Rxd1 24. Rxd1 Bd7 25. Qc2 Bc6 26. Bf3 Ra8 27. Rb1 Qc7 28. Rd1 Rd8 29. Rd5 Bxd5 30. cxd5 Qe7 31. Be2 Rd6 32. Bc4 Kh8 33. Qb1 Nf8 34. Kg2 Qd7 35. Bb5 Qc7 36. Qh1 Kg8 37. Kf2 Qe7 38. Qb1 Qc7 39. Bc4 Qf7 40. Qb5 Qd7 41. Qb3 Kh8 42. Qd1 Kg8 43. Bb5 Qc7 44. Be2 Nh7 45. Qb3 Qd7 46. Ke1 Kh8 47. Kd2 Kg8 48. Qc4 Kh8 49. Kc2 Kg8 50. Kb3 Kh8 51. Qa6 Nf8 52. Bb5 Qc7 53. Kc4 Kg8 54. Qa8 Rd8 55. Qc6 Qb8 56. Ba6 Rd6 57. Qb7 Qd8 58. Bb5 Nd7 59. Bc6 Nb8 60. Bb5 Nd7 61. Qa7 Qb8 62. Qxb8+ Nxb8 63. g5 hxg5 64. hxg5 Kf8 65. g6 Ke7 66. Bf2 Rd8 67. Bc6 Kd6 68. Kb5 Kc7 69. Ba8 Rh8 70. Be3 Rh3 71. Bd2 Rd3 72. Be1 Re3 73. Bd2 Re2 74. Bc1 Rc2 75. Be3 Rb2+ 76. Kc4 Kd6 77. Bg5 Rg2 78. Be3 Re2 79. Kd3 Ra2 80. Bd2 Ke7 81. Be3 Rxa4 82. Bb7 Ra1 83. Kc4 Re1 84. Bd2 Rxe4+ 85. Kb5 Re2 86. Bh6 Rb2+ 87. Kc4 Kf8 88. Be3 a4 89. Bc1 Rb1 90. Ba3 Ke7 0-1


[Site "https://www.chess.com"]

[Event "Titled Tuesday Blitz March 14 Early 2023"]
[White "Erigaisi Arjun"]
[Black "Xu, Xiangyu"]
[WhiteFideId "35009192"]
[BlackFideId "8608288"]
[WhiteElo "2737"]
[BlackElo "2477"]
[Result "1-0"]
[Round "11"]
[TimeControl "180+2"]
[Date "2023.03.14"]
[WhiteClock "0:00:03"]
[BlackClock "0:00:02"]

1. c4 e6 2. Nc3 d5 3. d4 Nf6 4. cxd5 Nxd5 5. e4 Nxc3 6. bxc3 c5 7. Rb1 Be7 8. Bc4 O-O 9. Ne2 Qc7 10. Bb3 Nc6 11. O-O Rd8 12. Be3 b6 13. Qd2 Ba6 14. Rfd1 Rac8 15. Nf4 Na5 16. d5 Bd6 17. Qc1 exd5 18. Bxd5 Nc4 19. g3 Be5 20. Nh5 g6 21. Bg5 gxh5 22. Bxd8 Rxd8 23. Qg5+ Kh8 24. Bxf7 Rf8 25. Be6 Qg7 26. Qxh5 Qg6 27. Qxg6 hxg6 28. Rd7 Bc8 29. Re7 Bf6 30. Rf7 Rxf7 31. Bxf7 Ne5 32. Bd5 g5 33. Kg2 g4 34. a4 Nd3 35. a5 Bxc3 36. axb6 axb6 37. Rxb6 Kg7 38. Rc6 Bd7 39. Rc7 Ne5 40. Be6 Kf6 41. Bxd7 Bd4 42. Bf5 c4 43. h3 gxh3+ 44. Bxh3 c3 45. f4 Nd3 46. e5+ Kg6 47. Kf1 Nb4 48. Bg2 Kf5 49. Ke2 c2 50. Kd2 Bf2 51. Bh3+ Ke4 52. Rc4+ 1-0


[Site "https://www.chess.com"]

[Event "Titled Tuesday Blitz March 14 Early 2023"]
[White "Lobanov, Sergei"]
[Black "Martinez Alcantara, Jose Eduardo"]
[WhiteFideId "24183750"]
[BlackFideId "3805662"]
[WhiteElo "2489"]
[BlackElo "2712"]
[Result "1-0"]
[Round "11"]
[TimeControl "180+2"]
[Date "2023.03.14"]
[WhiteClock "0:00:20"]
[BlackClock "0:00:20"]

1. e4 c5 2. Nf3 d6 3. d4 cxd4 4. Nxd4 Nf6 5. Nc3 Nc6 6. Bc4 Qb6 7. Nb3 e6 8. Bf4 Ne5 9. Be2 a6 10. a4 Qc7 11. a5 Bd7 12. O-O Be7 13. f3 Bc6 14. Be3 Ned7 15. Nd4 O-O 16. Kh1 Rac8 17. Qe1 d5 18. Nxc6 Qxc6 19. exd5 exd5 20. Qf2 Rfe8 21. Bd4 Bc5 22. Rfd1 Bxd4 23. Qxd4 Nc5 24. Bd3 Ne6 25. Qh4 h6 26. Ne2 Qc5 27. Ra4 Re7 28. Ng3 Qf2 29. Nf5 Qxh4 30. Nxe7+ Kf8 31. Ng6+ fxg6 32. Rxh4 g5 33. Rb4 Rc7 34. Kg1 Nd8 35. c3 Nc6 36. Ra4 Nd7 37. Be2 Nf6 38. Kf2 g6 39. c4 dxc4 40. Rxc4 Re7 41. b4 g4 42. Rd6 Kg7 43. Rf4 Ne8 44. Rd1 gxf3 45. Bxf3 Ne5 46. Re4 Nf6 47. Re2 Neg4+ 48. Bxg4 Nxg4+ 49. Ke1 Rc7 50. h3 Nf6 51. Rd6 Kf7 52. Rf2 Ke7 53. Rdxf6 Rc1+ 54. Kd2 Rb1 55. Rb6 Kd8 56. Rxb7 Rb2+ 57. Ke3 Rxb4 58. Rf8# 1-0


[Site "https://www.chess.com"]

[Event "Titled Tuesday Blitz March 14 Early 2023"]
[White "Vakhlamov, Igor L."]
[Black "Nguyen, Ngoc Truong Son"]
[WhiteFideId "24126748"]
[BlackFideId "12401110"]
[WhiteElo "2400"]
[BlackElo "2571"]
[Result "0-1"]
[Round "11"]
[TimeControl "180+2"]
[Date "2023.03.14"]
[WhiteClock "0:00:03"]
[BlackClock "0:00:03"]

1. e4 c5 2. Nf3 e6 3. Nc3 a6 4. g3 b5 5. Bg2 Bb7 6. d3 g6 7. d4 b4 8. Na4 Bxe4 9. Nxc5 Bd5 10. O-O Nc6 11. Re1 Bg7 12. Bf4 Nge7 13. Nb7 Qb6 14. Nd6+ Kf8 15. c3 h6 16. Ne5 Bxe5 17. dxe5 Bxg2 18. Kxg2 bxc3 19. bxc3 g5 20. Be3 Qa5 21. Bd4 Qd5+ 22. Kg1 Kg7 23. Qe2 Nxd4 24. cxd4 Rhf8 25. Rad1 f5 26. exf6+ Rxf6 27. Ne4 Rf5 28. Nc3 Qc6 29. Rc1 Raf8 30. Rf1 Qd6 31. Rcd1 Nd5 32. Ne4 Qa3 33. Nc5 R8f7 34. Rd3 Qa5 35. h4 gxh4 36. Qg4+ Rg5 37. Qxh4 Qd8 38. Kg2 Nf4+ 39. Kg1 Nxd3 40. Nxd3 Rf3 41. Ne5 Rf8 42. Kg2 d6 43. Rh1 Qa8+ 44. f3 Rf6 45. Ng4 Qxf3+ 46. Kg1 Rxg4 47. Qxh6+ Rxh6 0-1


[Site "https://www.chess.com"]

[Event "Titled Tuesday Blitz March 14 Early 2023"]
[White "Real_OceanStorm"]
[Black "Rustemov, Alexander"]
[BlackFideId "4119002"]
[WhiteElo "2819"]
[BlackElo "2931"]
[Result "0-1"]
[Round "11"]
[TimeControl "180+2"]
[Date "2023.03.14"]
[WhiteClock "0:01:19"]
[BlackClock "0:01:22"]

1. Nf3 d5 2. d4 Nf6 3. c4 c6 4. Nc3 a6 5. Bg5 Ne4 6. Bf4 Qa5 7. Bd2 Nxd2 8. Nxd2 e6 9. e3 Nd7 10. Nb3 Qd8 11. c5 e5 12. Qd2 g6 13. g3 Bg7 14. Bg2 O-O 15. O-O e4 16. Ne2 f5 17. Nf4 Nf6 18. h4 Qe8 19. Nc1 h6 20. Nce2 g5 21. hxg5 hxg5 22. Nh3 Qh5 23. f4 exf3 24. Rxf3 Ne4 25. Qe1 f4 26. Nf2 Nxf2 27. Qxf2 Bg4 28. exf4 Bxf3 29. Bxf3 g4 30. Bg2 Rae8 31. Re1 Qf5 32. Nc1 0-1


[Site "https://www.chess.com"]

[Event "Titled Tuesday Blitz March 14 Early 2023"]
[White "Narayanan, Srinath"]
[Black "Madaminov, Mukhiddin"]
[WhiteFideId "5018420"]
[BlackFideId "14210703"]
[WhiteElo "2438"]
[BlackElo "2511"]
[Result "1-0"]
[Round "11"]
[TimeControl "180+2"]
[Date "2023.03.14"]
[WhiteClock "0:00:27"]
[BlackClock "0:00:12"]

1. d4 Nf6 2. c4 g6 3. g3 Bg7 4. Bg2 d5 5. cxd5 Nxd5 6. Nc3 Nxc3 7. bxc3 O-O 8. e3 c5 9. Ne2 Nc6 10. O-O Be6 11. d5 Bg4 12. f3 Bd7 13. dxc6 Bxc6 14. Qxd8 Raxd8 15. Rb1 Bd5 16. f4 Bc4 17. Re1 b6 18. a4 Bxe2 19. Rxe2 Rd1+ 20. Kf2 Bxc3 21. Rc2 Bf6 22. Rd2 Rd8 23. Rxd8+ Rxd8 24. Ke2 e5 25. Bb2 Re8 26. a5 Re6 27. Bxe5 Bxe5 28. fxe5 bxa5 29. Rb5 Rxe5 30. Rxa5 Rh5 31. h4 h6 32. Rxa7 Re5 33. Rd7 Kg7 34. Rd5 Kf6 35. Rxe5 Kxe5 36. Kd3 Kf5 37. Bf3 Ke5 38. Kc4 Kd6 39. Bd5 f6 40. Bf3 g5 41. hxg5 hxg5 42. g4 Ke6 43. Kxc5 Ke5 44. Kc4 f5 45. gxf5 Kxf5 46. Kd4 g4 47. Bg2 g3 48. Kd3 Ke5 49. Ke2 Kf5 50. Kf3 Ke5 51. Kxg3 Kf5 52. Kf3 Ke5 53. e4 Kf6 54. Kf4 Ke6 55. e5 Ke7 56. Kf5 Kf7 57. e6+ Ke7 58. Ke5 Ke8 59. Kf6 Kd8 60. e7+ Kc7 61. e8=Q Kb6 62. Qc8 Kb5 63. Qc7 Kb4 64. Qc6 Kb3 65. Qc5 Ka4 66. Qb6 Ka3 67. Ke5 Ka2 68. Kd4 Ka1 69. Bf3 Ka2 70. Be4 Ka1 71. Kc3 Ka2 72. Bb1+ Ka1 73. Qb2# 1-0


[Site "https://www.chess.com"]

[Event "Titled Tuesday Blitz March 14 Early 2023"]
[White "Urazayev, Arystanbek"]
[Black "Yu, Yangyi"]
[WhiteFideId "13709810"]
[BlackFideId "8603820"]
[WhiteElo "2479"]
[BlackElo "2783"]
[Result "0-1"]
[Round "11"]
[TimeControl "180+2"]
[Date "2023.03.14"]
[WhiteClock "0:00:05"]
[BlackClock "0:00:34"]

1. e4 c5 2. Nf3 d6 3. d4 cxd4 4. Nxd4 Nf6 5. Nc3 Nc6 6. Bg5 e6 7. Qd2 a6 8. Nxc6 bxc6 9. O-O-O Be7 10. Bxf6 gxf6 11. Bc4 Bb7 12. Rhe1 Qc7 13. f4 O-O-O 14. Bb3 d5 15. Qf2 Kb8 16. g3 Rhe8 17. Kb1 Bb4 18. exd5 cxd5 19. Qd4 Bxc3 20. bxc3 e5 21. Qb4 Rd6 22. Qa4 Re7 23. Kb2 Rb6 24. Rd3 a5 25. fxe5 fxe5 26. Kc1 Qc5 27. Rde3 f6 28. Qh4 Ka7 29. a4 Rc7 30. Kb2 d4 31. Rd3 Ba6 32. Rf3 Bc4 33. Rxf6 Bxb3 34. Rxb6 Qxc3+ 35. Kb1 Qxc2+ 0-1


[Site "https://www.chess.com"]

[Event "Titled Tuesday Blitz March 14 Early 2023"]
[White "Wei, Yi"]
[Black "Zahid, Sanatan"]
[WhiteFideId "8603405"]
[BlackFideId "10201963"]
[WhiteElo "2686"]
[BlackElo "1865"]
[Result "1-0"]
[Round "11"]
[TimeControl "180+2"]
[Date "2023.03.14"]
[WhiteClock "0:00:29"]
[BlackClock "0:00:02"]

1. b3 Nf6 2. Bb2 d5 3. e3 c5 4. Nf3 a6 5. c4 dxc4 6. Bxc4 Nc6 7. O-O b5 8. Be2 Bb7 9. a4 b4 10. d3 e6 11. Nbd2 Bd6 12. Nc4 Bc7 13. Rc1 O-O 14. Ncd2 Bd6 15. Nc4 Be7 16. Qc2 Rc8 17. Rfd1 Nd5 18. Nfd2 h6 19. Bf3 Qc7 20. Qb1 Rfd8 21. Qa1 Bf8 22. a5 f6 23. Bxd5 Rxd5 24. Nb6 Rg5 25. Ne4 Rd8 26. Nxg5 hxg5 27. d4 cxd4 28. Bxd4 Qf7 29. Nc4 Qh5 30. Bb6 Rxd1+ 31. Rxd1 Ne7 32. Rd8 Nf5 33. Qd1 Qxd1+ 34. Rxd1 Bd5 35. f3 Ne7 36. Nd2 e5 37. e4 Be6 38. Rc1 Nc8 39. Bc5 Nd6 40. Bxd6 Bxd6 41. Rc6 1-0


[Site "https://www.chess.com"]